 Dungeon Crawl Stone Soup version 0.21.1-1-g345015f (webtiles) character file.

2852 cultivahabas the Magus (level 9, -7/71 HPs)
             Began as a Demonspawn Monk on May 24, 2018.
             Was an Elder of Nemelex Xobeh.
             Mangled by an orc
             ... wielding the +10 morningstar "Eos" {elec, Halo rElec}
              (19 damage)
             ... on level 7 of the Dungeon on May 25, 2018.
             The game lasted 00:29:54 (8786 turns).

cultivahabas the Magus (Demonspawn Monk)            Turns: 8786, Time: 00:29:55

Health: -7/71      AC: 15    Str: 12 (13) XL:     9   Next: 46%
Magic:  15/15      EV: 14    Int: 11      God:    Nemelex Xobeh [****..]
Gold:   251        SH:  0    Dex: 17 (18) Spells: 6/8 levels left

rFire    . . .     SeeInvis +   l - +1 long sword
rCold    . . .     Gourm    .   (no shield)
rNeg     . . .     Faith    .   y - +1 leather armour
rPois    .         Spirit   .   (helmet restricted)
rElec    .         Reflect  .   x - +0 cloak
rCorr    .         Harm     .   w - +2 pair of gloves
MR       .....                  A - +2 pair of boots
Stlth    +.........             (no amulet)
HPRegen  0.21/turn              b - +1 ring of protection
MPRegen  0.14/turn              (no ring)

@: glowing
A: antennae 2, yellow scales 2, camouflage 1, see invisible, deterioration 1,
powered by pain 1
a: Triple Draw, Deal Four, Renounce Religion


You were on level 7 of the Dungeon.
You worshipped Nemelex Xobeh.
Nemelex Xobeh was greatly pleased with you.
You were not hungry.

You visited 1 branch of the dungeon, and saw 7 of its levels.
You also visited: Sewer.

You collected 287 gold pieces.
You spent 36 gold pieces at shops.

Inventory:

Hand Weapons
 l - a +1 long sword (weapon)
Missiles
 a - 4 tomahawks
 d - 4 javelins (quivered)
Armour
 w - a +2 pair of gloves (worn)
 x - a +0 cloak (worn)
 y - a +1 leather armour (worn)
 A - a +2 pair of boots (worn)
Jewellery
 b - a +1 ring of protection (left hand)
Wands
 o - a wand of flame (20)
Scrolls
 f - a scroll of magic mapping
 j - 3 scrolls of fog
 t - 3 scrolls of teleportation
 u - 4 scrolls of remove curse
 v - a scroll of enchant armour
 E - a scroll of amnesia
 H - a scroll of immolation {unknown}
Potions
 e - 4 potions of might
 m - 2 potions of lignification
 p - 4 potions of flight
 q - 7 potions of curing
 r - 3 potions of ambrosia
 z - a potion of brilliance {unknown}
 B - 2 potions of haste {unknown}
 D - 2 potions of magic {unknown}
 G - a potion of heal wounds {unknown}
Books
 k - a book of Cantrips

   Spells                             Type                      Level
   a - Confusing Touch                Hexes                        1
   b - Animate Skeleton               Necromancy                   1
   c - Summon Small Mammal            Summoning                    1
   d - Apportation                    Translocation                1
Miscellaneous
 g - a legendary deck of destruction
 h - a plain deck of destruction
 i - a plain deck of destruction {drawn: 5}
 n - a plain deck of escape
 s - a plain deck of summoning {drawn: 4}
 C - an ornate deck of summoning
 F - an ornate deck of summoning
Comestibles
 c - 14 rations
 I - 2 chunks of flesh


   Skills:
 + Level 6.8 Fighting
 * Level 8.1 Long Blades
 + Level 4.0 Dodging
 - Level 1.7 Stealth
 * Level 2.8 Necromancy
 + Level 8.8 Invocations


You had 6 spell levels left.
You knew the following spells:

 Your Spells              Type           Power        Failure   Level  Hunger
a - Animate Skeleton      Necr           N/A          14%         1    ##.....
b - Confusing Touch       Hex            #.....       41%         1    ##.....


Dungeon Overview and Level Annotations

Branches:
Dungeon (7/15)             Temple (0/1) D:6

Altars:
Ashenzari
Dithmenos
Elyvilon
Fedhas
Hepliaklqana
Nemelex Xobeh
Okawaru
Qazlal
Ru
Trog
Vehumet

Shops:
D:4 =


Innate Abilities, Weirdness & Mutations

You have a pair of antennae on your head.
You are mostly covered in yellow scales. (AC +3)
You sometimes gain a little power by taking damage.
Your skin changes colour to match your surroundings (Stealth+).
You have supernaturally acute eyesight. (SInv)
Your body sometimes deteriorates upon taking damage.


Message History

Things that are here:
a broad axe of flaming; a glowing plate armour; a scratched sapphire ring The orc barely misses you.
You hit the orc but do no damage.
The orc hits you with the +10 morningstar "Eos" {elec, Halo rElec}!
You are electrocuted!
Your body deteriorates!
You feel clumsy.
You hit the orc.
The orc is lightly wounded.
The orc hits you with the +10 morningstar "Eos" {elec, Halo rElec}!
* * * LOW HITPOINT WARNING * * *
You barely miss the orc.
The orc is lightly wounded.
Okay, then.
You feel better.
The orc hits you with the +10 morningstar "Eos" {elec, Halo rElec}.
* * * LOW HITPOINT WARNING * * *
You are electrocuted!
You die...
Your body disappears without additional glow.

# #.#.#### #.#.# ###.##..(# #(#..
##..###.### #..## #..##.#.#.##
##. ..##.#.#.#.## ## ..
.##.#.#.#.#.#########.# #.
.#)#.#.#.#.#.#...Y.#..# #.
.##.#.#.#.#.####o#)#..# #.
.#.#.#.#.#.#...#@#Y.# #.
.##.#.#.#.#.##.#.#### #.
.#.#.#.#.#.#.#....)# #.
.##.#.#.#.#.######### {##.
..##.#.#.#.##.......## { ##..
#..##.#.#.##..###.#..## ##...
#...#######..## #.##..#######...#
............#####...............#
#.####.............#####.########


You could see a sky beast (invisible) and an orc.

Vanquished Creatures
  A gargoyle (D:6)
  An ice beast (D:5)
  A sky beast (D:7)
  A black bear (D:6)
  Purgy (Sewer)
  A phantom (D:5)
  3 ogres
  A centaur (D:7)
  2 bullfrogs (D:6)
  2 scorpions
  A crimson imp (D:5)
  4 centaur zombies
  2 hounds
  2 orc priests (D:7)
  A centaur skeleton (D:4)
  Natasha (twice) (D:4)
  4 iguanas
  An orc wizard (D:6)
  4 worker ants
  A hound zombie (D:5)
  A hound skeleton (D:6)
  A howler monkey skeleton (D:6)
  A gnoll (D:1)
  10 adders
  2 shadow imps
  An ooze (D:6)
  An adder skeleton (D:4)
  4 worms
  4 dart slugs
  6 leopard geckos
  16 orcs
  4 giant cockroaches
  6 hobgoblins
  3 quokkas
  4 ball pythons (Sewer)
  12 bats
  8 frilled lizards
  4 goblins
  6 kobolds
  A leopard gecko zombie (D:7)
  8 rats
139 creatures vanquished.

Vanquished Creatures (collateral kills)
  A two-headed ogre (D:4)
  Sigmund (D:2)
  The ghost of PeterLawrence the Cudgeler, an amateur MiFi (D:4)
  2 humans (D:7)
  An orc warrior (D:7)
  A phantom (D:4)
  A sky beast (D:7)
  An ogre (D:4)
  A bullfrog zombie (D:7)
  A bullfrog skeleton (D:4)
  Crazy Yiuf (D:2)
  Natasha (D:4)
  A worker ant (D:4)
  An adder (D:4)
  A giant cockroach (D:2)
  A bat (D:2)
17 creatures vanquished.

Grand Total: 156 creatures vanquished

Notes
Turn   | Place    | Note
-------+----------+-------------------------------------------
     0 | D:1      | cultivahabas the Demonspawn Monk began the quest for the Orb.
     0 | D:1      | Reached XP level 1. HP: 18/18 MP: 1/1
   121 | D:1      | Gained mutation: You have a pair of small antennae on your head. [demonic ancestry]
   121 | D:1      | Reached XP level 2. HP: 11/24 MP: 2/2
   767 | D:1      | Gained mutation: You are partially covered in yellow scales. (AC +2) [demonic ancestry]
   767 | D:1      | Reached XP level 3. HP: 17/30 MP: 3/3
  1515 | D:1      | Found a sparkling altar of Nemelex Xobeh.
  1717 | D:1      | Became a worshipper of Nemelex Xobeh the Trickster
  1717 | D:1      | Received a gift from Nemelex Xobeh
  1717 | D:1      | Reached * piety under Nemelex Xobeh
  1717 | D:1      | Received a gift from Nemelex Xobeh
  1717 | D:1      | Reached ** piety under Nemelex Xobeh
  2162 | D:2      | Noticed Sigmund
  2173 | D:2      | Noticed a wyvern
  2173 | D:2      | Noticed a wyvern
  2174 | D:2      | Gained mutation: You are mostly covered in yellow scales. (AC +3) [demonic ancestry]
  2174 | D:2      | Reached XP level 4. HP: 12/37 MP: 4/4
  2177 | D:2      | Killed Sigmund
  2177 | D:2      | Gained mutation: You sometimes gain a little power by taking damage. [demonic ancestry]
  2177 | D:2      | Reached XP level 5. HP: 14/42 MP: 5/5
  2517 | D:2      | Received a gift from Nemelex Xobeh
  2533 | D:2      | Reached skill level 1 in Invocations
  2779 | D:2      | Found a runed door.
  2827 | D:2      | Noticed Crazy Yiuf
  2830 | D:2      | Killed Crazy Yiuf
  3343 | D:3      | Found a bloodstained altar of Trog.
  3344 | D:3      | Found a white marble altar of Elyvilon.
  3344 | D:3      | Found a radiant altar of Vehumet.
  3344 | D:3      | Found a sacrificial altar of Ru.
  3352 | D:3      | Found a blossoming altar of Fedhas.
  3357 | D:3      | Found a shattered altar of Ashenzari.
  3386 | D:3      | Received a gift from Nemelex Xobeh
  3594 | D:3      | Gained mutation: You are clumsy. (Dex -2) [potion of mutation]
  3594 | D:3      | Gained mutation: Scrolls take you a little longer to read. [potion of mutation]
  3594 | D:3      | Gained mutation: Your body sometimes deteriorates upon taking damage. [potion of mutation]
  3594 | D:3      | Gained mutation: You have an increased reservoir of magic. (+10% MP) [potion of mutation]
  3595 | D:3      | Lost mutation: Scrolls take you a little longer to read. [potion of mutation]
  3595 | D:3      | Lost mutation: Your body sometimes deteriorates upon taking damage. [potion of mutation]
  3595 | D:3      | Lost mutation: You have an increased reservoir of magic. (+10% MP) [potion of mutation]
  3595 | D:3      | Gained mutation: You do not regenerate when monsters are visible. [potion of mutation]
  3595 | D:3      | Gained mutation: Your skin changes colour to match your surroundings (Stealth+). [potion of mutation]
  3595 | D:3      | Gained mutation: You have large cloven feet. [potion of mutation]
  3596 | D:3      | Lost mutation: You have large cloven feet. [potion of mutation]
  3596 | D:3      | Lost mutation: You are clumsy. (Dex -2) [potion of mutation]
  3596 | D:3      | Lost mutation: You do not regenerate when monsters are visible. [potion of mutation]
  3596 | D:3      | Gained mutation: You have a pair of antennae on your head. [potion of mutation]
  3596 | D:3      | Gained mutation: Your body sometimes deteriorates upon taking damage. [potion of mutation]
  3596 | D:3      | Gained mutation: You have supernaturally acute eyesight. (SInv) [potion of mutation]
  3609 | D:4      | Noticed Natasha
  3622 | D:4      | Killed Natasha
  3622 | D:4      | Mutation became permanent: You have a pair of small antennae on your head. [demonic ancestry]
  3622 | D:4      | Gained mutation: You have a pair of antennae on your head. [demonic ancestry]
  3622 | D:4      | Reached XP level 6. HP: 24/49 MP: 7/7
  3822 | D:4      | Reached *** piety under Nemelex Xobeh
  3824 | D:4      | Noticed a two-headed ogre
  3838 | D:4      | Killed a two-headed ogre
  3838 | D:4      | Reached skill level 5 in Long Blades
  3838 | D:4      | Reached XP level 7. HP: 55/55 MP: 7/10
  3857 | D:4      | Found Janib's Jewellery Shoppe.
  3863 | D:4      | Noticed PeterLawrence's ghost (amateur MiFi)
  3871 | D:4      | Reached skill level 5 in Fighting
  3879 | D:4      | Killed PeterLawrence's ghost
  3963 | D:4      | Reached skill level 5 in Invocations
  4130 | D:4      | Bought a +1 ring of protection for 36 gold pieces
  4295 | D:4      | Noticed Natasha
  4300 | D:4      | Killed Natasha
  5139 | D:4      | Noticed Natasha
  5142 | D:4      | Killed Natasha
  5331 | D:5      | Entered Level 5 of the Dungeon
  5368 | D:5      | Reached XP level 8. HP: 63/63 MP: 12/12
  5828 | D:5      | Received a gift from Nemelex Xobeh
  6039 | D:5      | Found a hazy altar of Hepliaklqana.
  6336 | D:5      | Received a gift from Nemelex Xobeh
  6463 | D:6      | Noticed a gargoyle
  6480 | D:6      | Killed a gargoyle
  6572 | D:6      | Found a glowing drain.
  6576 | Sewer    | Entered a sewer
  6671 | Sewer    | Noticed Purgy
  6695 | Sewer    | Killed Purgy
  6997 | D:6      | Found a staircase to the Ecumenical Temple.
  7055 | D:6      | Reached **** piety under Nemelex Xobeh
  7315 | D:6      | Reached XP level 9. HP: 71/71 MP: 15/15
  7354 | D:6      | Received a gift from Nemelex Xobeh
  7514 | D:6      | Learned a level 1 spell: Animate Skeleton
  7516 | D:6      | Learned a level 1 spell: Confusing Touch
  7747 | D:7      | Reached skill level 1 in Necromancy
  7912 | D:7      | Found a stormy altar of Qazlal.
  8001 | D:7      | Found a shadowy altar of Dithmenos.
  8110 | D:7      | Found an iron altar of Okawaru.
  8421 | D:7      | Received a gift from Nemelex Xobeh
  8786 | D:7      | Mangled by an orc

Skill      XL: |  1  2  3  4  5  6  7  8  9 |
---------------+----------------------------+-----
Long Blades    | 3 4 5 6 7 8 |  8.1
Dodging        | 3 4 |  4.0
Fighting       | 4 5 6 |  6.8
Invocations    | 2 4 6 8 |  8.8
Necromancy     | 2 |  2.8
Stealth        | |  1.7

Action                   |  1- 3 |  4- 6 |  7- 9 || total
-------------------------+-------+-------+-------++-------
Melee: Falchion          |   104 |   128 |   219 ||   451
       Long sword        |       |       |   177 ||   177
Throw: Javelin           |     4 |     9 |    35 ||    48
Evoke: Deck              |     2 |     3 |    16 ||    21
  Use: Scroll            |       |    12 |     6 ||    18
       Potion            |       |     3 |     1 ||     4
 Stab: Sleeping          |     4 |     4 |     5 ||    13
       Distracted        |     1 |       |     1 ||     2
  Eat: Chunk             |     3 |     7 |    13 ||    23
       Ration            |       |       |     1 ||     1
Armor: Robe              |    31 |    25 |       ||    56
       Leather armour    |       |     5 |   160 ||   165
Dodge: Dodged            |    83 |    94 |   264 ||   441
       Rpst.: Falchion   |    27 |    36 |    37 ||   100
       Long sword        |       |       |    33 ||    33
